 Dungeon Crawl Stone Soup version 0.29.0-4-gdea44cf6ec (webtiles) character file.

Game seed: 11994430628962082813

480 qw the Chopper (level 7, -1/41 HPs)
             Began as a Tengu Warper on Aug 28, 2022.
             Slain by a gnoll
             ... wielding a +0 spear
              (5 damage)
             ... on level 5 of the Dungeon.
             The game lasted 00:00:26 (4943 turns).

qw the Chopper (Tengu Warper)                       Turns: 4943, Time: 00:00:27

Health: -1/41      AC:  6    Str: 13    XL:     7   Next: 11%
Magic:  11/11      EV: 11    Int: 14    God:
Gold:   223        SH:  0    Dex: 13    Spells: 10/10 levels left

rFire   . . .      SeeInvis .   Y - +0 war axe
rCold   . . .      Faith    .   (no shield)
rNeg    . . .      Spirit   .   d - +0 scale mail
rPois   .          Reflect  .   (helmet restricted)
rElec   .          Harm     .   (no cloak)
rCorr   .          Rampage  .   (no gloves)
Will    .....                   (boots unavailable)
Stlth   ..........              (no amulet)
HPRegen 0.13/turn               (no ring)
MPRegen 0.12/turn               (no ring)

@: flying quickly and evasively, quick
A: beak, talons 3, nimble flight
a: no special abilities


You were on level 5 of the Dungeon.
You visited 1 branch of the dungeon, and saw 5 of its levels.

You collected 223 gold pieces.


Innate Abilities, Weirdness & Mutations

You have a beak for a mouth.
You have claws for feet.
Your magical nature lets you fly swiftly and evasively.


   Skills:
 - Level 3.2 Fighting
 + Level 7.6 Axes
 - Level 1.0 Throwing
 - Level 1.1 Armour
 - Level 2.1 Dodging
 - Level 2.0 Spellcasting
 - Level 2.4 Translocations


You had 10 spell levels left.
You didn't know any spells.
Your spell library contained the following spells:

 Spells                   Type           Power      Damage    Failure   Level
 Blink                    Tloc           16%        N/A       54%         2
 Gell's Gravitas          Tloc           8%         N/A       78%         3
 Lesser Beckoning         Tloc           8%         N/A       78%         3
 Teleport Other           Tloc           8%         N/A       78%         3
 Manifold Assault         Tloc           8%         N/A       100%        5

Inventory:

Hand Weapons
 k - a +0 flail
 Y - a +0 war axe (weapon)
Armour
 d - a +0 scale mail (worn)
Scrolls
 b - a scroll of teleportation
Potions
 a - a potion of curing
 c - a potion of ambrosia {unknown}
 e - a potion of heal wounds
 f - a potion of flight {unknown}
 g - a potion of lignification {unknown}
 h - a potion of magic {unknown}
 i - a potion of cancellation {unknown}

Dungeon Overview and Level Annotations

Branches:
Dungeon (5/15)
 Temple: D:4-7

Altars:
Ashenzari
Xom


Message History

The gnoll shouts!
You hit the iguana.
The iguana is severely wounded.
You hit the jackal. x2
The jackal barely misses you. The jackal bites you. The iguana bites you.
The jackal bites you but does no damage.
The jackal barely misses you.
The iguana bites you but does no damage.
You hit the iguana.
You kill the iguana!
You hit the jackal.
You kill the jackal!
You barely miss the jackal.
The jackal bites you but does no damage.
You hit the jackal.
You kill the jackal!
A gnoll comes into view. It is wielding a +0 halberd.
A gnoll comes into view. It is wielding a +0 club.
The gnoll shouts! x2
The gnoll hits you from afar with a +0 spear.
Found a stone staircase leading down.
You barely miss the gnoll. Your peck misses the gnoll.
A hound comes into view.
The gnoll hits you but does no damage.
The hound barks!
You hit the gnoll. You claw the gnoll.
The gnoll is moderately wounded.
The gnoll hits you from afar with a +0 halberd.
A gnoll comes into view. It is wielding a +0 whip.
The gnoll hits you with a +0 spear.
You slash the gnoll! Your peck misses the gnoll.
The gnoll is severely wounded.
The gnoll hits you from afar with a +0 halberd.
The gnoll barely misses you.
You closely miss the gnoll. Your punch misses the gnoll.
The gnoll is severely wounded.
You hit the gnoll but do no damage.
The gnoll hits you from afar with a +0 halberd!
The gnoll completely misses you. The gnoll hits you with a +0 spear.
You die...

......))...>..#
#######.######.
#..#
####.#######.
.####.........g..
..............#..
####.............
#.....g.h..##.
#<....@gg.....
#....%.......##
#...#............
......)$.........
....#............
#..[#............
... .......#.....
.. .#####.##....>


You could see a hound and 4 gnolls.

Vanquished Creatures
  A black bear (D:4)
  A necrophage (D:5)
  A jelly (D:4)
  2 hounds (D:4)
  2 orc priests
  An orc wizard (D:5)
  2 iguanas
  3 adders (D:4)
  6 orcs
  9 endoplasms
  A giant cockroach (D:1)
  8 goblins
  7 hobgoblins
  2 jackals (D:5)
  8 kobolds
  4 quokkas
  12 ball pythons
  6 bats
  A frilled lizard (D:3)
  7 rats
84 creatures vanquished.

Notes
Turn   | Place    | Note
-------+----------+-------------------------------------------
     0 | D:1      | qw the Tengu Warper began the quest for the Orb.
     0 | D:1      | Reached XP level 1. HP: 12/12 MP: 4/4
     0 | D:1      | 0 ||| qw: Version: 0.1-a-89-g26bdef1
     0 | D:1      | 0 ||| qw: Game counter: 1688
     0 | D:1      | 0 ||| qw: Always use a shield: true
     0 | D:1      | 0 ||| qw: God list: Okawaru
     0 | D:1      | 0 ||| qw: Allow faded altars: false
     0 | D:1      | 0 ||| qw: Do Orc after D:15 true
     0 | D:1      | 0 ||| qw: Do second Lair branch before Depths: true
     0 | D:1      | 0 ||| qw: Lair rune preference: random
     0 | D:1      | 0 ||| qw: Plans: Normal
     0 | D:1      | 0 ||| PLANNING D:1-11
    12 | D:1      | 12 ||| Stepping ~*~*~tactically~*~*~ (stealth).
    14 | D:1      | 14 ||| Stepping ~*~*~tactically~*~*~ (stealth).
    17 | D:1      | 17 ||| Stepping ~*~*~tactically~*~*~ (stealth).
   106 | D:1      | Reached skill level 3 in Axes
   106 | D:1      | Reached XP level 2. HP: 17/17 MP: 6/6
   137 | D:1      | 137 ||| Stepping ~*~*~tactically~*~*~ (stealth).
   257 | D:1      | 257 ||| Stepping ~*~*~tactically~*~*~ (stealth).
   260 | D:1      | 260 ||| Stepping ~*~*~tactically~*~*~ (stealth).
   302 | D:1      | 302 ||| Stepping ~*~*~tactically~*~*~ (stealth).
   443 | D:1      | Reached XP level 3. HP: 21/21 MP: 7/7
   498 | D:1      | 498 ||| Stepping ~*~*~tactically~*~*~ (stealth).
   599 | D:1      | 599 ||| Stepping ~*~*~tactically~*~*~ (stealth).
   606 | D:1      | Reached skill level 4 in Axes
   630 | D:1      | 630 ||| Stepping ~*~*~tactically~*~*~ (stealth).
   713 | D:1      | 713 ||| Stepping ~*~*~tactically~*~*~ (stealth).
   851 | D:1      | 851 ||| UPGRADING to +0 scale mail.
   861 | D:1      | 861 ||| DROPPING +0 leather armour.
   862 | D:1      | 862 ||| DROPPING scroll of blinking.
   888 | D:2      | 888 ||| DROPPING +0 club.
  1281 | D:2      | Found a faded altar of an unknown god.
  1347 | D:2      | 1347 ||| FLEEEEING.
  1348 | D:2      | 1348 ||| FLEEEEING.
  1349 | D:2      | 1349 ||| FLEEEEING.
  1356 | D:2      | 1356 ||| FLEEEEING.
  1357 | D:2      | 1357 ||| FLEEEEING.
  1358 | D:2      | 1358 ||| FLEEEEING.
  1359 | D:2      | 1359 ||| FLEEEEING.
  1365 | D:2      | 1365 ||| STAIRDANCE
  1474 | D:1      | 1474 ||| DRINKING 3 sapphire potions.
  1478 | D:2      | 1478 ||| Stepping ~*~*~tactically~*~*~ (hiding).
  1868 | D:2      | 1868 ||| READING scroll labelled QOETAI VELEUN.
  2030 | D:3      | Found a broken altar of Ashenzari.
  2373 | D:3      | You fall into a shaft and drop 1 floor!
  2380 | D:4      | Reached XP level 4. HP: 26/26 MP: 8/8
  2620 | D:4      | 2620 ||| READING scroll labelled VARENAQUPA.
  2621 | D:4      | 2621 ||| DRINKING 2 black potions.
  3012 | D:3      | 3012 ||| SWAPPING to +0 war axe.
  3013 | D:3      | 3013 ||| DROPPING +0 hand axe.
  3014 | D:3      | 3014 ||| DROPPING amulet of faith.
  3015 | D:3      | 3015 ||| READING scroll labelled MUYSTUH ABIP.
  3322 | D:4      | Reached skill level 5 in Axes
  3343 | D:4      | 3343 ||| FLEEEEING.
  3344 | D:4      | 3344 ||| FLEEEEING.
  3352 | D:4      | 3352 ||| STAIRDANCE
  3531 | D:4      | Gained mutation: Your magical nature lets you fly swiftly
                  | and evasively. [Tengu growth]
  3531 | D:4      | Reached XP level 5. HP: 12/30 MP: 9/9
  3531 | D:4      | 3531 ||| STAIRDANCE
  3750 | D:4      | 3750 ||| Stepping ~*~*~tactically~*~*~ (stealth).
  3757 | D:4      | 3757 ||| Stepping ~*~*~tactically~*~*~ (stealth).
  3758 | D:4      | 3758 ||| Stepping ~*~*~tactically~*~*~ (stealth).
  3762 | D:4      | 3762 ||| Stepping ~*~*~tactically~*~*~ (stealth).
  3763 | D:4      | 3763 ||| Stepping ~*~*~tactically~*~*~ (stealth).
  3766 | D:4      | 3766 ||| Stepping ~*~*~tactically~*~*~ (stealth).
  3770 | D:4      | 3770 ||| Stepping ~*~*~tactically~*~*~ (stealth).
  3775 | D:4      | Reached skill level 6 in Axes
  3783 | D:4      | 3783 ||| FLEEEEING.
  3838 | D:4      | 3838 ||| DROPPING +0 whip.
  3847 | D:4      | 3847 ||| Stepping ~*~*~tactically~*~*~ (stealth).
  3848 | D:4      | 3848 ||| Stepping ~*~*~tactically~*~*~ (stealth).
  4024 | D:4      | Noticed a black bear
  4036 | D:4      | HP: 7/30 [black bear (7)]
  4037 | D:4      | 4037 ||| DRINKING 2 potions of heal wounds.
  4039 | D:4      | Killed a black bear
  4040 | D:4      | Reached skill level 7 in Axes
  4040 | D:4      | Reached XP level 6. HP: 21/35 MP: 10/10
  4219 | D:4      | Found a shimmering altar of Xom.
  4586 | D:4      | 4586 ||| READING scroll labelled GAOXZA OSUI.
  4617 | D:5      | Entered Level 5 of the Dungeon
  4618 | D:5      | 4618 ||| PLANNING SEWER
  4631 | D:5      | Reached skill level 3 in Fighting
  4666 | D:5      | HP: 7/37 [something (4)]
  4669 | D:5      | Reached XP level 7. HP: 8/41 MP: 11/11
  4943 | D:5      | HP: 4/41 [gnoll/+0 halberd (12)]
  4943 | D:5      | Slain by a gnoll

Levels and vault maps discovered:
D:1:      wander_arrival_desolate, layout_basic
D:2:      layout_basic, shapermc_ecumenical_altar_notcrosses, minivault_11
D:3:      layout_loops_ring, ashenzari_altar_1, serial_rivers,
          chequers_serial_rivers_room_a, chequers_serial_rivers_room_a,
          chequers_serial_rivers_micro_a, chequers_serial_rivers_micro_a,
          kennysheep_generic_room_16
D:4:      layout_loops_ring, marbit_many_paths
D:5:      layout_rooms, gammafunk_ghost_nasty_kobolds, gup_sewer_entry_pipe,
          serial_park_tiny_2, kennysheep_crisscross

Skill      XL: |  1  2  3  4  5  6 |
---------------+-------------------+-----
Axes           | 3 4 5 7 |  7.6
Fighting       | 3 |  3.2
Throwing       | |  1.0
Armour         | |  1.1
Dodging        | |  2.1
Spellcasting   | |  2.0
Translocations | |  2.4

Action                   |  1- 3 |  4- 6 |  7- 9 || total
-------------------------+-------+-------+-------++-------
Melee: Hand axe          |    90 |    14 |       ||   104
       Peck              |    10 |    16 |     1 ||    27
       Kick              |    18 |    23 |     1 ||    42
       War axe           |       |   103 |     8 ||   111
       Punch             |       |     1 |       ||     1
Throw: Boomerang         |     7 |       |       ||     7
  Use: Scroll            |     1 |     3 |       ||     4
       Potion            |     1 |     2 |       ||     3
Armor: Leather armour    |    21 |       |       ||    21
       Scale mail        |    13 |    53 |     4 ||    70
Dodge: Dodged            |    34 |    62 |     4 ||   100

Table legend:
 A = Non-vault XP
 B = Vault XP
 C = Vault XP percentage of total XP
 D = Non-vault monster count
 E = Vault monster count
 F = Vault count percentage of total count
                 A         B        C        D         E       F
            +---------+---------+-------+---------+---------+-------
      Total |     680 |       6 |   0.9 |      81 |       3 |   3.6
            +---------+---------+-------+---------+---------+-------
        D:1 |      57 |       0 |   0.0 |      34 |       0 |   0.0
        D:2 |      14 |       0 |   0.0 |      10 |       0 |   0.0
        D:3 |      11 |       4 |  26.7 |       8 |       2 |  20.0
        D:4 |     389 |       2 |   0.5 |      20 |       1 |   4.8
        D:5 |     209 |       0 |   0.0 |       9 |       0 |   0.0
            +---------+---------+-------+---------+---------+-------
